Lightning vs Golden Knights

Created - March 29, 2022 at 19:08

Goals
1 2 3 T
Lightning 0 2 0 2
Golden Knights 1 0 2 3
Shots
1 2 3 T
Lightning 3 10 7 20
Golden Knights 6 13 24 43

1st period

1. Golden Knights , Nathan Horton 5 (Chris Tierney 7, Mats Zuccarello 9) at 19:19

Penalties :
Martin Hanzal (Veg) for Hooking (Minor) at 3:51, Sergei Shirokov (T.B) for Holding (Minor) at 6:27, Damien Brunner (Veg) for Holding (Minor) at 14:21

2nd period

2. Lightning , Nick Bjugstad 14 (Kyle Clifford 29, Mark Scheifele 34) at 3:15 (PP)
3. Lightning , Brayden Point 6 (Nikolaj Ehlers 7) at 6:00

Penalties :
Olli Maatta (Veg) for Cross-checking (Minor) at 3:08, Conor Sheary (T.B) for Tripping (Minor) at 6:38, Shayne Gostisbehere (T.B) for Hooking (Minor) at 12:00

3rd period

4. Golden Knights , Nathan Horton 6 (Thomas Vanek 3, Vladimir Mihalik 8) at 12:01
5. Golden Knights , Damien Brunner 1 (Danny DeKeiser 10) at 13:48

Penalties :
Kyle Clifford (T.B) for Hooking (Minor) at 9:43

Goalie Stats

Jimmy Howard (T.B), 40 saves from 43 shots - (0.930), L, 17-11-4, 59:46 minutes
Ondrej Pavelec (Veg), 18 saves from 20 shots - (0.900), W, 16-16-5, 60:00 minutes

Players Stats for Lightning

Player Name              G  A  P  +/- PIM S  H  SB GA TA FO     MP     PP MP  PK MP  
------------------------------------------------------------------------------------
Brandon Sutter           0  0  0  -1  0   1  2  0  0  2  2/8    16:22   0:00   2:53 
Brayden Point            1  0  1   1  0   1  0  0  0  0  6/10   12:35   2:37   0:09 
Brent Seabrook           0  0  0  -1  0   0  2  1  1  1  0/0    20:23   0:00   3:44 
Conor Sheary             0  0  0  -1  2   2  1  0  1  0  2/3    15:38   0:00   1:55 
Derek Meech              0  0  0   0  0   0  0  0  0  0  0/0     9:45   0:00   0:17 
Jesper Fast              0  0  0  -1  0   0  1  1  0  0  0/0     6:21   0:03   0:00 
Jimmy Vesey              0  0  0   0  0   2  2  0  0  0  0/1    14:58   2:37   2:05 
Joni Pitkanen            0  0  0  -1  0   0  2  0  0  0  0/0    15:09   1:24   3:55 
Justin Schultz           0  0  0  -2  0   1  1  0  1  2  0/0    21:04   1:24   3:55 
Kevin Shattenkirk        0  0  0   0  0   2  3  2  2  0  0/0    29:28   2:41   4:01 
Kyle Clifford            0  1  1  -1  2   2  1  0  0  0  3/4    22:30   1:20   3:03 
Mark Scheifele           0  1  1  -1  0   2  2  1  1  1  18/29  23:57   1:25   4:09 
Nick Bjugstad            1  0  1   0  0   1  0  0  0  1  2/3    19:09   1:20   0:00 
Nikolaj Ehlers           0  1  1   1  0   2  1  0  0  1  0/0    12:26   2:37   0:00 
Ondrej Palat             0  0  0  -1  0   0  0  0  0  0  0/0     6:58   0:08   0:32 
Oscar Sundqvist          0  0  0  -1  0   2  0  1  1  0  1/3     6:26   0:08   0:00 
Sergei Shirokov          0  0  0  -1  2   1  3  1  0  1  0/0    14:34   0:00   1:06 
Shayne Gostisbehere      0  0  0   0  2   1  1  0  1  2  0/0    24:17   2:41   0:00 

Players Stats for Golden Knights

Player Name              G  A  P  +/- PIM S  H  SB GA TA FO     MP     PP MP  PK MP  
------------------------------------------------------------------------------------
Andrei Loktionov         0  0  0   0  0   3  1  1  1  2  12/34  22:35   4:32   2:07 
Andrew Cogliano          0  0  0   0  0   2  0  0  1  1  0/0    22:44   4:32   2:15 
Chris Tierney            0  1  1   2  0   1  2  0  0  0  6/7    11:49   0:02   0:37 
Damien Brunner           1  0  1   1  2   3  3  0  3  1  1/1     8:36   0:02   0:00 
Danny DeKeiser           0  1  1   1  0   5  0  0  0  1  0/0    27:44   4:40   2:30 
Jamie Oleksiak           0  0  0  -1  0   1  0  0  0  0  0/0    11:54   0:00   0:00 
Joe Morrow               0  0  0  -1  0   1  1  0  1  0  0/0    11:54   0:00   0:00 
Kellan Lain              0  0  0  -1  0   2  3  0  1  0  0/0    16:36   3:22   1:28 
Martin Hanzal            0  0  0   1  2   0  0  0  0  0  0/2     8:29   0:00   0:00 
Mathew Dumba             0  0  0   1  0   4  2  2  0  1  0/0    27:44   4:40   2:30 
Mats Zuccarello          0  1  1  -1  0   1  1  0  1  0  1/1    15:44   3:22   0:00 
Matt Stajan              0  0  0  -1  0   6  1  1  0  0  5/11   17:25   3:22   1:27 
Michael Frolik           0  0  0   0  0   4  1  0  3  1  1/4    20:28   4:32   0:00 
Nathan Horton            2  0  2   2  0   5  0  0  0  0  1/1    11:29   0:00   0:00 
Olli Maatta              0  0  0   2  2   2  1  2  0  0  0/0    20:21   3:16   1:35 
Shawn Matthias           0  0  0   1  0   0  1  0  0  0  0/0     9:05   0:02   0:16 
Thomas Vanek             0  1  1   2  0   1  1  0  0  0  0/0    10:53   0:00   0:00 
Vladimir Mihalik         0  1  1   2  0   2  0  1  0  1  0/0    20:22   3:16   1:35 

3 Stars

1 - Nathan Horton (Veg)
2 - Chris Tierney (Veg)
3 - Damien Brunner (Veg)

Power Play

Lightning - 1 on 3 Attempt(s) - 33.33%
Golden Knights - 0 on 4 Attempt(s) - 0.00%

Penalty Kill

Lightning - 4 on 4 Attempt(s) - 100.00% - Score 0 goal in Penalty Kill
Golden Knights - 2 on 3 Attempt(s) - 66.67% - Score 0 goal in Penalty Kill

Team Stat

Lightning - Hits : 22 - Faceoff Wins : 34 - Blocked Shots : 7 - Penalty Minutes : 8
Golden Knights - Hits : 18 - Faceoff Wins : 27 - Blocked Shots : 7 - Penalty Minutes : 6

Official

Referees : Justin St. Pierre and Trevor Hanson
Linesman : Jesse Marquis and Matt MacPherson

Game Notes

No Game Note

Finance

Level 1 -- Attendance: 6000 (100.00%) -- Ticket Income $600,000
Level 2 -- Attendance: 4717 (94.34%) -- Ticket Income $283,020
Level 3 -- Attendance: 1931 (96.55%) -- Ticket Income $67,585
Level 4 -- Attendance: 4000 (100.00%) -- Ticket Income $100,000
Luxury Box -- Attendance: 1000 (100.00%) -- Ticket Income $200,000
Game was played at the T-Mobile Arena.
Total Attendance: 17648 (98.04%)
Total Ticket Income: $1,250,605
Other Income: $187,591
Total Income: $1,438,196

Lightning

5 vs 5 Forward 
   Center                   Left Wing                Right Wing               Time % Phy DF OF 
 1 Mark Scheifele           Kyle Clifford            Nick Bjugstad            40     1   2  2  
 2 Brandon Sutter           Sergei Shirokov          Conor Sheary             30     1   2  2  
 3 Brayden Point            Jimmy Vesey              Nikolaj Ehlers           20     1   2  2  
 4 Oscar Sundqvist          Ondrej Palat             Jesper Fast              10     1   2  2  

5 vs 5 Defense 
   Defense                  Defense                                           Time % Phy DF OF 
 1 Kevin Shattenkirk        Shayne Gostisbehere                               40     1   2  2  
 2 Justin Schultz           Brent Seabrook                                    30     1   2  2  
 3 Joni Pitkanen            Derek Meech                                       20     1   2  2  
 4 Kevin Shattenkirk        Shayne Gostisbehere                               10     1   2  2  

PowerPlay Forward 
   Center                   Left Wing                Right Wing               Time % Phy DF OF 
 1 Mark Scheifele           Kyle Clifford            Nick Bjugstad            60     1   2  2  
 2 Brayden Point            Jimmy Vesey              Nikolaj Ehlers           40     1   2  2  

PowerPlay Defense
   Defense                  Defense                                           Time % Phy DF OF 
 1 Kevin Shattenkirk        Shayne Gostisbehere                               60     1   2  2  
 2 Justin Schultz           Joni Pitkanen                                     40     1   2  2  

Penalty Kill 4 Players Forward 
   Center                   Wing                     Time % Phy DF OF 
 1 Mark Scheifele           Kyle Clifford            60     1   2  2  
 2 Brandon Sutter           Sergei Shirokov          40     1   2  2  

Penalty Kill 4 Players Defense
   Defense                  Defense                  Time % Phy DF OF 
 1 Kevin Shattenkirk        Brent Seabrook           60     1   2  2  
 2 Justin Schultz           Joni Pitkanen            40     1   2  2  

Penalty Kill - 3 Players Forward 
   Forward                                           Time % Phy DF OF 
 1 Mark Scheifele                                    60     1   2  2  
 2 Brandon Sutter                                    40     1   2  2  

Penalty Kill - 3 Players Defense
   Defense                  Defense                  Time % Phy DF OF 
 1 Kevin Shattenkirk        Brent Seabrook           60     1   2  2  
 2 Justin Schultz           Joni Pitkanen            40     1   2  2  

4 vs 4 Forward 
   Center                   Wing                     Time % Phy DF OF 
 1 Mark Scheifele           Kyle Clifford            60     1   2  2  
 2 Brandon Sutter           Nick Bjugstad            40     1   2  2  

4 vs 4 Defense
   Defense                  Defense                  Time % Phy DF OF 
 1 Kevin Shattenkirk        Shayne Gostisbehere      60     1   2  2  
 2 Justin Schultz           Joni Pitkanen            40     1   2  2  

Last Minutes Offensive
   Center                   Left Wing                Right Wing               Defense                  Defense                  
   Mark Scheifele           Kyle Clifford            Nick Bjugstad            Kevin Shattenkirk        Shayne Gostisbehere      

Last Minutes Defensive
   Center                   Left Wing                Right Wing               Defense                  Defense                  
   Mark Scheifele           Kyle Clifford            Nick Bjugstad            Kevin Shattenkirk        Brent Seabrook           

Goaltenders
Starting : Jimmy Howard             
Backup : Alex Nedeljkovic         

Extra Forwards
Normal : Brayden Point, Nikolaj Ehlers, Conor Sheary - PP : Oscar Sundqvist, Ondrej Palat - PK : Conor Sheary
Extra Defensemen
Normal : Shayne Gostisbehere, Derek Meech, Justin Schultz - PP : Shayne Gostisbehere - PK : Derek Meech, Justin Schultz
Penalty Shots
Kyle Clifford, Mark Scheifele, Brandon Sutter, Sergei Shirokov, Nick Bjugstad

Scratches
Alex Killorn (Healthy), Cody Goloubef (Healthy), Erik Christensen (Healthy), James Neal (Healthy), Roman Josi (Healthy)

Golden Knights

5 vs 5 Forward 
   Center                   Left Wing                Right Wing               Time % Phy DF OF 
 1 Andrei Loktionov         Andrew Cogliano          Michael Frolik           40     1   2  2  
 2 Matt Stajan              Kellan Lain              Mats Zuccarello          30     1   2  2  
 3 Chris Tierney            Thomas Vanek             Nathan Horton            20     1   2  2  
 4 Martin Hanzal            Shawn Matthias           Damien Brunner           10     1   2  2  

5 vs 5 Defense 
   Defense                  Defense                                           Time % Phy DF OF 
 1 Mathew Dumba             Danny DeKeiser                                    40     1   2  2  
 2 Vladimir Mihalik         Olli Maatta                                       30     1   2  2  
 3 Jamie Oleksiak           Joe Morrow                                        20     1   2  2  
 4 Mathew Dumba             Danny DeKeiser                                    10     1   2  2  

PowerPlay Forward 
   Center                   Left Wing                Right Wing               Time % Phy DF OF 
 1 Andrei Loktionov         Andrew Cogliano          Michael Frolik           60     1   2  2  
 2 Matt Stajan              Kellan Lain              Mats Zuccarello          40     1   2  2  

PowerPlay Defense
   Defense                  Defense                                           Time % Phy DF OF 
 1 Mathew Dumba             Danny DeKeiser                                    60     1   2  2  
 2 Vladimir Mihalik         Olli Maatta                                       40     1   2  2  

Penalty Kill 4 Players Forward 
   Center                   Wing                     Time % Phy DF OF 
 1 Andrei Loktionov         Andrew Cogliano          60     1   2  2  
 2 Matt Stajan              Kellan Lain              40     1   2  2  

Penalty Kill 4 Players Defense
   Defense                  Defense                  Time % Phy DF OF 
 1 Mathew Dumba             Danny DeKeiser           60     1   2  2  
 2 Vladimir Mihalik         Olli Maatta              40     1   2  2  

Penalty Kill - 3 Players Forward 
   Forward                                           Time % Phy DF OF 
 1 Andrei Loktionov                                  60     1   2  2  
 2 Matt Stajan                                       40     1   2  2  

Penalty Kill - 3 Players Defense
   Defense                  Defense                  Time % Phy DF OF 
 1 Mathew Dumba             Danny DeKeiser           60     1   2  2  
 2 Vladimir Mihalik         Olli Maatta              40     1   2  2  

4 vs 4 Forward 
   Center                   Wing                     Time % Phy DF OF 
 1 Andrei Loktionov         Andrew Cogliano          60     1   2  2  
 2 Matt Stajan              Kellan Lain              40     1   2  2  

4 vs 4 Defense
   Defense                  Defense                  Time % Phy DF OF 
 1 Mathew Dumba             Danny DeKeiser           60     1   2  2  
 2 Vladimir Mihalik         Olli Maatta              40     1   2  2  

Last Minutes Offensive
   Center                   Left Wing                Right Wing               Defense                  Defense                  
   Andrei Loktionov         Andrew Cogliano          Michael Frolik           Mathew Dumba             Danny DeKeiser           

Last Minutes Defensive
   Center                   Left Wing                Right Wing               Defense                  Defense                  
   Andrei Loktionov         Andrew Cogliano          Michael Frolik           Mathew Dumba             Danny DeKeiser           

Goaltenders
Starting : Ondrej Pavelec           
Backup : Matt Hackett             

Extra Forwards
Normal : Matt Stajan, Mats Zuccarello, Nathan Horton - PP : Matt Stajan, Mats Zuccarello - PK : Matt Stajan
Extra Defensemen
Normal : Olli Maatta, Jamie Oleksiak, Joe Morrow - PP : Olli Maatta - PK : Olli Maatta, Jamie Oleksiak
Penalty Shots
Michael Frolik, Andrei Loktionov, Andrew Cogliano, Kellan Lain, Matt Stajan

Scratches
Zach Bogosian (Healthy)

% Time on Ice - Lightning

Lines # - Real PCT - Wanted PCT - Time Play
Normal Forward
1 - 38% - 40% - 17:47
2 - 28% - 30% - 13:29
3 - 21% - 20% - 9:49
4 - 13% - 10% - 6:18
Normal Defense
1 - 41% - 40% - 19:28
2 - 33% - 30% - 15:45
3 - 20% - 20% - 9:28
4 - 6% - 10% - 2:42
PP Forward
1 - 36% - 60% - 1:28
2 - 64% - 40% - 2:37
PP Defense
1 - 66% - 60% - 2:41
2 - 34% - 40% - 1:24
PK Forward
1 - 78% - 60% - 6:11
2 - 22% - 40% - 1:45
PK Defense
1 - 51% - 60% - 4:01
2 - 49% - 40% - 3:55
PK3 Forward
1 - 0% - 60%
2 - 0% - 40%
PK3 Defense
1 - 0% - 60%
2 - 0% - 40%
44 Forward
1 - 0% - 60%
2 - 0% - 40%
44 Defense
1 - 0% - 60%
2 - 0% - 40%
Last Minute Offensive  - 0:36
Last Minute Defensive  - 0:00
Total
Forward - 60:00
Defense - 60:00

% Time on Ice - Golden Knights

Lines # - Real PCT - Wanted PCT - Time Play
Normal Forward
1 - 34% - 40% - 16:14
2 - 25% - 30% - 11:59
3 - 23% - 20% - 10:53
4 - 17% - 10% - 8:17
Normal Defense
1 - 40% - 40% - 18:55
2 - 33% - 30% - 15:31
3 - 25% - 20% - 11:54
4 - 2% - 10% - 1:03
PP Forward
1 - 58% - 60% - 4:34
2 - 42% - 40% - 3:22
PP Defense
1 - 59% - 60% - 4:40
2 - 41% - 40% - 3:16
PK Forward
1 - 74% - 60% - 3:01
2 - 26% - 40% - 1:04
PK Defense
1 - 61% - 60% - 2:30
2 - 39% - 40% - 1:35
PK3 Forward
1 - 0% - 60%
2 - 0% - 40%
PK3 Defense
1 - 0% - 60%
2 - 0% - 40%
44 Forward
1 - 0% - 60%
2 - 0% - 40%
44 Defense
1 - 0% - 60%
2 - 0% - 40%
Last Minute Offensive  - 0:00
Last Minute Defensive  - 0:36
Total
Forward - 60:00
Defense - 60:00

Play-by-Play

1st period


0:01 of 1st period - Kyle Clifford wins face-off versus Andrei Loktionov in neutral zone.
1:32 of 1st period - Olli Maatta is hit by Kevin Shattenkirk and loses puck.
1:37 of 1st period - Slapshot by Mark Scheifele.
1:37 of 1st period - Stopped by Ondrej Pavelec without a rebound.
1:38 of 1st period - Matt Stajan wins face-off versus Conor Sheary in Golden Knights zone.
1:38 of 1st period - Matt Stajan is hit by Sergei Shirokov.
3:38 of 1st period - Shayne Gostisbehere is hit by Joe Morrow and loses puck.
3:51 of 1st period - Minor Penalty to Martin Hanzal for Hooking.
3:52 of 1st period - Andrei Loktionov wins face-off versus Brayden Point in Golden Knights zone.
3:52 of 1st period - Andrei Loktionov is hit by Jimmy Vesey.
4:01 of 1st period - Off-side.
4:02 of 1st period - Brayden Point wins face-off versus Andrei Loktionov in neutral zone.
5:49 of 1st period - Slapshot by Kyle Clifford.
5:49 of 1st period - Shot Blocked by Matt Stajan.
5:51 of 1st period - Penalty to Martin Hanzal is over, Martin Hanzal is back on ice.
5:59 of 1st period - Slapshot by Danny DeKeiser.
5:59 of 1st period - Shot Misses the Net.
6:01 of 1st period - Slapshot by Danny DeKeiser.
6:01 of 1st period - Stopped by Jimmy Howard with a rebound.
6:03 of 1st period - Slapshot by Mathew Dumba.
6:03 of 1st period - Stopped by Jimmy Howard without a rebound.
6:04 of 1st period - Chris Tierney wins face-off versus Brandon Sutter in Lightning zone.
6:27 of 1st period - Minor Penalty to Sergei Shirokov for Holding.
6:28 of 1st period - Mark Scheifele wins face-off versus Andrei Loktionov in Lightning zone.
6:41 of 1st period - Wrist shot by Andrei Loktionov.
6:41 of 1st period - Shot Blocked by Mark Scheifele.
6:43 of 1st period - Slapshot by Danny DeKeiser.
6:43 of 1st period - Deflect By Kyle Clifford.
6:43 of 1st period - Stopped by Jimmy Howard without a rebound.
6:44 of 1st period - Mark Scheifele wins face-off versus Andrei Loktionov in Lightning zone.
6:54 of 1st period - Off-side.
6:55 of 1st period - Mark Scheifele wins face-off versus Michael Frolik in neutral zone.
8:27 of 1st period - Penalty to Sergei Shirokov is over, Sergei Shirokov is back on ice.
8:48 of 1st period - Wrist shot by Vladimir Mihalik.
8:48 of 1st period - Deflect By Nathan Horton.
8:48 of 1st period - Stopped by Jimmy Howard with a rebound.
9:42 of 1st period - Off-side.
9:43 of 1st period - Matt Stajan wins face-off versus Brayden Point in neutral zone.
9:49 of 1st period - Off-side.
9:50 of 1st period - Nick Bjugstad wins face-off versus Andrei Loktionov in neutral zone.
10:03 of 1st period - Snap shot by Kyle Clifford.
10:03 of 1st period - Shot Misses the Net.
10:17 of 1st period - Kellan Lain is hit by Joni Pitkanen and loses puck.
10:26 of 1st period - Slapshot by Sergei Shirokov.
10:26 of 1st period - Shot Misses the Net.
10:40 of 1st period - Brent Seabrook is hit by Chris Tierney and loses puck.
11:34 of 1st period - Slapshot by Kyle Clifford.
11:34 of 1st period - Stopped by Ondrej Pavelec with a rebound.
11:56 of 1st period - Danny DeKeiser is hit by Brent Seabrook and loses puck.
13:44 of 1st period - Kyle Clifford is hit by Olli Maatta and loses puck.
13:55 of 1st period - Wrist shot by Chris Tierney.
13:55 of 1st period - Shot Misses the Net.
14:15 of 1st period - Snap shot by Oscar Sundqvist.
14:15 of 1st period - Stopped by Ondrej Pavelec with a rebound.
14:21 of 1st period - Minor Penalty to Damien Brunner for Holding.
14:22 of 1st period - Mark Scheifele wins face-off versus Andrei Loktionov in Golden Knights zone.
16:21 of 1st period - Penalty to Damien Brunner is over, Damien Brunner is back on ice.
16:59 of 1st period - Oscar Sundqvist is hit by Chris Tierney and loses puck.
17:25 of 1st period - Brayden Point is hit by Andrei Loktionov and loses puck.
17:36 of 1st period - Jamie Oleksiak is hit by Mark Scheifele and loses puck.
18:10 of 1st period - Danny DeKeiser is hit by Justin Schultz and loses puck.
18:15 of 1st period - Snap shot by Jesper Fast.
18:15 of 1st period - Shot Misses the Net.
18:30 of 1st period - Slapshot by Andrew Cogliano.
18:30 of 1st period - Stopped by Jimmy Howard without a rebound.
18:31 of 1st period - Andrei Loktionov wins face-off versus Nick Bjugstad in Lightning zone.
18:44 of 1st period - Slapshot by Michael Frolik.
18:44 of 1st period - Shot Misses the Net.
19:19 of 1st period - Snap shot by Nathan Horton.
19:19 of 1st period - Goal by Nathan Horton - Lightning : 0 - Golden Knights : 1.
19:20 of 1st period - Nick Bjugstad wins face-off versus Andrei Loktionov in neutral zone.
Goals for this period are 0 for Lightning vs 1 for Golden Knights.
Shots for this period are 3 for Lightning vs 6 for Golden Knights.

2nd period


0:01 of 2nd period - Mark Scheifele wins face-off versus Michael Frolik in neutral zone.
0:08 of 2nd period - Slapshot by Michael Frolik.
0:08 of 2nd period - Stopped by Jimmy Howard without a rebound.
0:09 of 2nd period - Andrei Loktionov wins face-off versus Mark Scheifele in Lightning zone.
0:26 of 2nd period - Andrei Loktionov is hit by Kevin Shattenkirk and loses puck.
0:35 of 2nd period - Slapshot by Kyle Clifford.
0:35 of 2nd period - Deflect By Mark Scheifele.
0:35 of 2nd period - Shot Misses the Net.
0:35 of 2nd period - Puck is out of play.
0:36 of 2nd period - Matt Stajan wins face-off versus Brandon Sutter in Golden Knights zone.
0:47 of 2nd period - Snap shot by Matt Stajan.
0:47 of 2nd period - Stopped by Jimmy Howard without a rebound.
0:48 of 2nd period - Andrei Loktionov wins face-off versus Mark Scheifele in Lightning zone.
1:03 of 2nd period - Slapshot by Kevin Shattenkirk.
1:03 of 2nd period - Shot Hit the Post.
1:05 of 2nd period - Snap shot by Kyle Clifford.
1:05 of 2nd period - Shot Blocked by Andrei Loktionov.
1:15 of 2nd period - Mathew Dumba is hit by Sergei Shirokov and loses puck.
2:17 of 2nd period - Olli Maatta is hit by Brandon Sutter and loses puck.
2:24 of 2nd period - Slapshot by Kevin Shattenkirk.
2:24 of 2nd period - Shot Misses the Net.
2:32 of 2nd period - Brandon Sutter is hit by Damien Brunner and loses puck.
3:08 of 2nd period - Minor Penalty to Olli Maatta for Cross-checking.
3:09 of 2nd period - Mark Scheifele wins face-off versus Andrei Loktionov in Golden Knights zone.
3:13 of 2nd period - Snap shot by Kyle Clifford.
3:13 of 2nd period - Shot Misses the Net.
3:15 of 2nd period - Snap shot by Nick Bjugstad.
3:15 of 2nd period - Goal by Nick Bjugstad - Lightning : 1 - Golden Knights : 1.
3:16 of 2nd period - Andrei Loktionov wins face-off versus Kyle Clifford in neutral zone.
3:42 of 2nd period - Kellan Lain is hit by Brandon Sutter and loses puck.
3:53 of 2nd period - Wrist shot by Brandon Sutter.
3:53 of 2nd period - Stopped by Ondrej Pavelec with a rebound.
4:03 of 2nd period - Slapshot by Danny DeKeiser.
4:03 of 2nd period - Deflect By Nathan Horton.
4:03 of 2nd period - Stopped by Jimmy Howard without a rebound.
4:04 of 2nd period - Chris Tierney wins face-off versus Brayden Point in Lightning zone.
4:43 of 2nd period - Andrei Loktionov is hit by Kyle Clifford.
4:56 of 2nd period - Justin Schultz is hit by Kellan Lain and loses puck.
5:11 of 2nd period - Kellan Lain is hit by Conor Sheary and loses puck.
5:20 of 2nd period - Slapshot by Kellan Lain.
5:20 of 2nd period - Stopped by Jimmy Howard with a rebound.
5:22 of 2nd period - Slapshot by Vladimir Mihalik.
5:22 of 2nd period - Deflect By Brandon Sutter.
5:22 of 2nd period - Stopped by Jimmy Howard without a rebound.
5:23 of 2nd period - Mark Scheifele wins face-off versus Andrei Loktionov in Lightning zone.
5:54 of 2nd period - Snap shot by Nikolaj Ehlers.
5:54 of 2nd period - Stopped by Ondrej Pavelec without a rebound.
5:55 of 2nd period - Brayden Point wins face-off versus Matt Stajan in Golden Knights zone.
5:56 of 2nd period - Wrist shot by Jimmy Vesey.
5:56 of 2nd period - Stopped by Ondrej Pavelec without a rebound.
5:57 of 2nd period - Brayden Point wins face-off versus Matt Stajan in Golden Knights zone.
5:58 of 2nd period - Snap shot by Nikolaj Ehlers.
5:58 of 2nd period - Stopped by Ondrej Pavelec with a rebound.
6:00 of 2nd period - Snap shot by Brayden Point.
6:00 of 2nd period - Goal by Brayden Point - Lightning : 2 - Golden Knights : 1.
6:01 of 2nd period - Mark Scheifele wins face-off versus Andrei Loktionov in neutral zone.
6:18 of 2nd period - Slapshot by Andrei Loktionov.
6:18 of 2nd period - Stopped by Jimmy Howard with a rebound.
6:28 of 2nd period - Danny DeKeiser is hit by Shayne Gostisbehere and loses puck.
6:38 of 2nd period - Minor Penalty to Conor Sheary for Tripping.
6:39 of 2nd period - Andrei Loktionov wins face-off versus Mark Scheifele in Lightning zone.
8:38 of 2nd period - Penalty to Conor Sheary is over, Conor Sheary is back on ice.
8:45 of 2nd period - Off-side.
8:46 of 2nd period - Chris Tierney wins face-off versus Oscar Sundqvist in neutral zone.
8:54 of 2nd period - Slapshot by Kevin Shattenkirk.
8:54 of 2nd period - Deflect By Damien Brunner.
8:54 of 2nd period - Stopped by Ondrej Pavelec without a rebound.
8:55 of 2nd period - Chris Tierney wins face-off versus Oscar Sundqvist in Golden Knights zone.
9:07 of 2nd period - Slapshot by Chris Tierney.
9:07 of 2nd period - Shot Misses the Net.
9:09 of 2nd period - Snap shot by Chris Tierney.
9:09 of 2nd period - Shot Misses the Net.
9:11 of 2nd period - Slapshot by Danny DeKeiser.
9:11 of 2nd period - Shot Blocked by Oscar Sundqvist.
9:54 of 2nd period - Icing by Kellan Lain.
9:55 of 2nd period - Matt Stajan wins face-off versus Mark Scheifele in Golden Knights zone.
10:19 of 2nd period - Icing by Nick Bjugstad.
10:20 of 2nd period - Michael Frolik wins face-off versus Mark Scheifele in Lightning zone.
10:41 of 2nd period - Snap shot by Kyle Clifford.
10:41 of 2nd period - Shot Misses the Net.
11:19 of 2nd period - Mark Scheifele is hit by Damien Brunner.
11:31 of 2nd period - Snap shot by Andrei Loktionov.
11:31 of 2nd period - Shot Misses the Net.
11:33 of 2nd period - Wrist shot by Andrew Cogliano.
11:33 of 2nd period - Stopped by Jimmy Howard with a rebound.
12:00 of 2nd period - Minor Penalty to Shayne Gostisbehere for Hooking.
12:01 of 2nd period - Brandon Sutter wins face-off versus Michael Frolik in Lightning zone.
12:15 of 2nd period - Wrist shot by Michael Frolik.
12:15 of 2nd period - Stopped by Jimmy Howard with a rebound.
12:17 of 2nd period - Wrist shot by Michael Frolik.
12:17 of 2nd period - Stopped by Jimmy Howard without a rebound.
12:18 of 2nd period - Mark Scheifele wins face-off versus Andrei Loktionov in Lightning zone.
12:41 of 2nd period - Slapshot by Danny DeKeiser.
12:41 of 2nd period - Stopped by Jimmy Howard with a rebound.
12:43 of 2nd period - Slapshot by Olli Maatta.
12:43 of 2nd period - Shot Blocked by Sergei Shirokov.
14:00 of 2nd period - Penalty to Shayne Gostisbehere is over, Shayne Gostisbehere is back on ice.
14:04 of 2nd period - Snap shot by Conor Sheary.
14:04 of 2nd period - Stopped by Ondrej Pavelec with a rebound.
14:06 of 2nd period - Wrist shot by Conor Sheary.
14:06 of 2nd period - Stopped by Ondrej Pavelec without a rebound.
14:07 of 2nd period - Nathan Horton wins face-off versus Brayden Point in Golden Knights zone.
14:23 of 2nd period - Jamie Oleksiak is hit by Nikolaj Ehlers and loses puck.
14:33 of 2nd period - Icing by Nathan Horton.
14:34 of 2nd period - Damien Brunner wins face-off versus Brandon Sutter in Golden Knights zone.
15:04 of 2nd period - Slapshot by Joni Pitkanen.
15:04 of 2nd period - Shot Blocked by Mathew Dumba.
15:10 of 2nd period - Derek Meech is hit by Mathew Dumba and loses puck.
15:31 of 2nd period - Slapshot by Jimmy Vesey.
15:31 of 2nd period - Stopped by Ondrej Pavelec without a rebound.
15:32 of 2nd period - Andrei Loktionov wins face-off versus Brandon Sutter in Golden Knights zone.
15:32 of 2nd period - Andrei Loktionov is hit by Sergei Shirokov.
16:06 of 2nd period - Wrist shot by Matt Stajan.
16:06 of 2nd period - Stopped by Jimmy Howard with a rebound.
17:36 of 2nd period - Snap shot by Kellan Lain.
17:36 of 2nd period - Shot Misses the Net.
17:38 of 2nd period - Snap shot by Matt Stajan.
17:38 of 2nd period - Stopped by Jimmy Howard with a rebound.
18:32 of 2nd period - Sergei Shirokov is hit by Shawn Matthias and loses puck.
18:55 of 2nd period - Wrist shot by Matt Stajan.
18:55 of 2nd period - Stopped by Jimmy Howard without a rebound.
18:56 of 2nd period - Brayden Point wins face-off versus Matt Stajan in Lightning zone.
19:03 of 2nd period - Wrist shot by Jimmy Vesey.
19:03 of 2nd period - Shot Blocked by Olli Maatta.
19:43 of 2nd period - Shayne Gostisbehere is hit by Thomas Vanek and loses puck.
Goals for this period are 2 for Lightning vs 0 for Golden Knights.
Shots for this period are 10 for Lightning vs 13 for Golden Knights.

3rd period


0:01 of 3rd period - Mark Scheifele wins face-off versus Andrei Loktionov in neutral zone.
0:40 of 3rd period - Wrist shot by Kellan Lain.
0:40 of 3rd period - Stopped by Jimmy Howard without a rebound.
0:41 of 3rd period - Chris Tierney wins face-off versus Mark Scheifele in Lightning zone.
0:46 of 3rd period - Snap shot by Thomas Vanek.
0:46 of 3rd period - Shot Misses the Net.
0:52 of 3rd period - Snap shot by Chris Tierney.
0:52 of 3rd period - Stopped by Jimmy Howard with a rebound.
0:54 of 3rd period - Snap shot by Olli Maatta.
0:54 of 3rd period - Deflect By Mark Scheifele.
0:54 of 3rd period - Stopped by Jimmy Howard without a rebound.
0:55 of 3rd period - Andrei Loktionov wins face-off versus Mark Scheifele in Lightning zone.
1:06 of 3rd period - Snap shot by Michael Frolik.
1:06 of 3rd period - Shot Misses the Net.
1:46 of 3rd period - Slapshot by Danny DeKeiser.
1:46 of 3rd period - Stopped by Jimmy Howard without a rebound.
1:47 of 3rd period - Brayden Point wins face-off versus Martin Hanzal in Lightning zone.
1:58 of 3rd period - Slapshot by Damien Brunner.
1:58 of 3rd period - Stopped by Jimmy Howard with a rebound.
2:14 of 3rd period - Slapshot by Jimmy Vesey.
2:14 of 3rd period - Shot Misses the Net.
2:50 of 3rd period - Wrist shot by Damien Brunner.
2:50 of 3rd period - Stopped by Jimmy Howard with a rebound.
2:52 of 3rd period - Slapshot by Olli Maatta.
2:52 of 3rd period - Stopped by Jimmy Howard without a rebound.
2:53 of 3rd period - Mark Scheifele wins face-off versus Andrei Loktionov in Lightning zone.
3:24 of 3rd period - Wrist shot by Matt Stajan.
3:24 of 3rd period - Stopped by Jimmy Howard without a rebound.
3:25 of 3rd period - Mats Zuccarello wins face-off versus Brandon Sutter in Lightning zone.
3:26 of 3rd period - Wrist shot by Matt Stajan.
3:26 of 3rd period - Stopped by Jimmy Howard with a rebound.
3:28 of 3rd period - Slapshot by Jamie Oleksiak.
3:28 of 3rd period - Shot Misses the Net.
3:30 of 3rd period - Wrist shot by Joe Morrow.
3:30 of 3rd period - Deflect By Conor Sheary.
3:30 of 3rd period - Stopped by Jimmy Howard without a rebound.
3:31 of 3rd period - Brandon Sutter wins face-off versus Andrei Loktionov in Lightning zone.
4:26 of 3rd period - Nathan Horton is hit by Jimmy Vesey and loses puck.
4:41 of 3rd period - Jesper Fast is hit by Michael Frolik and loses puck.
4:50 of 3rd period - Snap shot by Andrew Cogliano.
4:50 of 3rd period - Shot Misses the Net.
5:03 of 3rd period - Off-side.
5:04 of 3rd period - Conor Sheary wins face-off versus Martin Hanzal in neutral zone.
5:15 of 3rd period - Snap shot by Sergei Shirokov.
5:15 of 3rd period - Deflect By Brandon Sutter.
5:15 of 3rd period - Shot Misses the Net.
5:15 of 3rd period - Puck is out of play.
5:16 of 3rd period - Kyle Clifford wins face-off versus Andrei Loktionov in Golden Knights zone.
5:21 of 3rd period - Backhand shot by Mark Scheifele.
5:21 of 3rd period - Shot Blocked by Mathew Dumba.
5:43 of 3rd period - Mathew Dumba is hit by Kevin Shattenkirk and loses puck.
6:09 of 3rd period - Wrist shot by Thomas Vanek.
6:09 of 3rd period - Stopped by Jimmy Howard without a rebound.
6:10 of 3rd period - Chris Tierney wins face-off versus Mark Scheifele in Lightning zone.
6:15 of 3rd period - Wrist shot by Nathan Horton.
6:15 of 3rd period - Deflect By Chris Tierney.
6:15 of 3rd period - Shot Blocked by Kevin Shattenkirk.
6:15 of 3rd period - Puck is out of play.
6:16 of 3rd period - Andrei Loktionov wins face-off versus Mark Scheifele in Lightning zone.
6:43 of 3rd period - Brandon Sutter is hit by Matt Stajan and loses puck.
6:50 of 3rd period - Wrist shot by Mats Zuccarello.
6:50 of 3rd period - Shot Misses the Net.
6:52 of 3rd period - Backhand shot by Mats Zuccarello.
6:52 of 3rd period - Stopped by Jimmy Howard with a rebound.
7:02 of 3rd period - Slapshot by Shayne Gostisbehere.
7:02 of 3rd period - Stopped by Ondrej Pavelec with a rebound.
7:22 of 3rd period - Mathew Dumba is hit by Jesper Fast and loses puck.
7:37 of 3rd period - Ondrej Palat is hit by Damien Brunner and loses puck.
7:48 of 3rd period - Slapshot by Shayne Gostisbehere.
7:48 of 3rd period - Shot Misses the Net.
8:00 of 3rd period - Slapshot by Mark Scheifele.
8:00 of 3rd period - Shot Misses the Net.
8:02 of 3rd period - Slapshot by Kevin Shattenkirk.
8:02 of 3rd period - Stopped by Ondrej Pavelec with a rebound.
8:38 of 3rd period - Snap shot by Nathan Horton.
8:38 of 3rd period - Shot Blocked by Brent Seabrook.
8:40 of 3rd period - Slapshot by Vladimir Mihalik.
8:40 of 3rd period - Stopped by Jimmy Howard without a rebound.
8:41 of 3rd period - Andrei Loktionov wins face-off versus Mark Scheifele in Lightning zone.
8:42 of 3rd period - Backhand shot by Michael Frolik.
8:42 of 3rd period - Stopped by Jimmy Howard with a rebound.
8:44 of 3rd period - Slapshot by Mathew Dumba.
8:44 of 3rd period - Stopped by Jimmy Howard with a rebound.
8:46 of 3rd period - Snap shot by Andrei Loktionov.
8:46 of 3rd period - Stopped by Jimmy Howard with a rebound.
8:48 of 3rd period - Slapshot by Mathew Dumba.
8:48 of 3rd period - Stopped by Jimmy Howard without a rebound.
8:49 of 3rd period - Mark Scheifele wins face-off versus Andrei Loktionov in Lightning zone.
8:54 of 3rd period - Michael Frolik is hit by Mark Scheifele and loses puck.
9:02 of 3rd period - Off-side.
9:03 of 3rd period - Mark Scheifele wins face-off versus Andrei Loktionov in neutral zone.
9:08 of 3rd period - Wrist shot by Mark Scheifele.
9:08 of 3rd period - Stopped by Ondrej Pavelec with a rebound.
9:10 of 3rd period - Slapshot by Justin Schultz.
9:10 of 3rd period - Stopped by Ondrej Pavelec without a rebound.
9:11 of 3rd period - Mark Scheifele wins face-off versus Andrei Loktionov in Golden Knights zone.
9:28 of 3rd period - Wrist shot by Kyle Clifford.
9:28 of 3rd period - Shot Misses the Net.
9:43 of 3rd period - Minor Penalty to Kyle Clifford for Hooking.
9:44 of 3rd period - Mark Scheifele wins face-off versus Matt Stajan in Lightning zone.
9:44 of 3rd period - Mark Scheifele is hit by Mats Zuccarello.
10:08 of 3rd period - Mathew Dumba is hit by Brent Seabrook and loses puck.
11:18 of 3rd period - Icing by Kellan Lain.
11:19 of 3rd period - Conor Sheary wins face-off versus Andrei Loktionov in Golden Knights zone.
11:43 of 3rd period - Penalty to Kyle Clifford is over, Kyle Clifford is back on ice.
11:49 of 3rd period - Wrist shot by Kyle Clifford.
11:49 of 3rd period - Shot Blocked by Vladimir Mihalik.
12:01 of 3rd period - Snap shot by Nathan Horton.
12:01 of 3rd period - Goal by Nathan Horton - Lightning : 2 - Golden Knights : 2.
12:02 of 3rd period - Andrei Loktionov wins face-off versus Brandon Sutter in neutral zone.
12:42 of 3rd period - Shayne Gostisbehere is hit by Kellan Lain and loses puck.
13:03 of 3rd period - Chris Tierney is hit by Joni Pitkanen and loses puck.
13:39 of 3rd period - Ondrej Palat is hit by Mathew Dumba and loses puck.
13:48 of 3rd period - Snap shot by Damien Brunner.
13:48 of 3rd period - Goal by Damien Brunner - Lightning : 2 - Golden Knights : 3.
13:49 of 3rd period - Mark Scheifele wins face-off versus Andrei Loktionov in neutral zone.
13:53 of 3rd period - Icing by Mathew Dumba.
13:54 of 3rd period - Mark Scheifele wins face-off versus Andrei Loktionov in Golden Knights zone.
14:35 of 3rd period - Snap shot by Sergei Shirokov.
14:35 of 3rd period - Stopped by Ondrej Pavelec with a rebound.
15:25 of 3rd period - Slapshot by Brent Seabrook.
15:25 of 3rd period - Shot Blocked by Olli Maatta.
15:57 of 3rd period - Snap shot by Jesper Fast.
15:57 of 3rd period - Shot Misses the Net.
16:10 of 3rd period - Off-side.
16:11 of 3rd period - Brayden Point wins face-off versus Chris Tierney in neutral zone.
16:56 of 3rd period - Wrist shot by Thomas Vanek.
16:56 of 3rd period - Shot Blocked by Jesper Fast.
17:12 of 3rd period - Slapshot by Chris Tierney.
17:12 of 3rd period - Shot Blocked by Kevin Shattenkirk.
17:14 of 3rd period - Snap shot by Chris Tierney.
17:14 of 3rd period - Shot Misses the Net.
17:16 of 3rd period - Snap shot by Nathan Horton.
17:16 of 3rd period - Stopped by Jimmy Howard without a rebound.
17:17 of 3rd period - Andrei Loktionov wins face-off versus Jimmy Vesey in Lightning zone.
17:24 of 3rd period - Wrist shot by Andrei Loktionov.
17:24 of 3rd period - Shot Misses the Net.
17:26 of 3rd period - Slapshot by Mathew Dumba.
17:26 of 3rd period - Stopped by Jimmy Howard with a rebound.
17:28 of 3rd period - Slapshot by Danny DeKeiser.
17:28 of 3rd period - Stopped by Jimmy Howard with a rebound.
17:44 of 3rd period - Kyle Clifford is hit by Kellan Lain and loses puck.
17:57 of 3rd period - Snap shot by Mark Scheifele.
17:57 of 3rd period - Deflect By Kyle Clifford.
17:57 of 3rd period - Shot Misses the Net.
17:57 of 3rd period - Puck is out of play.
17:58 of 3rd period - Oscar Sundqvist wins face-off versus Andrei Loktionov in Golden Knights zone.
18:05 of 3rd period - Wrist shot by Oscar Sundqvist.
18:05 of 3rd period - Stopped by Ondrej Pavelec with a rebound.
19:19 of 3rd period - Slapshot by Andrew Cogliano.
19:19 of 3rd period - Shot Misses the Net.
19:21 of 3rd period - Snap shot by Jamie Oleksiak.
19:21 of 3rd period - Stopped by Jimmy Howard with a rebound.
19:23 of 3rd period - Snap shot by Andrei Loktionov.
19:23 of 3rd period - Stopped by Jimmy Howard without a rebound.
19:24 of 3rd period - John Tortorella call a timeout for Lightning.
19:24 of 3rd period - Mark Scheifele wins face-off versus Matt Stajan in Lightning zone.
19:30 of 3rd period - Icing by Nathan Horton.
19:31 of 3rd period - Matt Stajan wins face-off versus Mark Scheifele in Golden Knights zone.
19:46 of 3rd period - Lightning, Jimmy Howard is pulled from the net.
19:48 of 3rd period - Snap shot by Kyle Clifford.
19:48 of 3rd period - Stopped by Ondrej Pavelec without a rebound.
19:49 of 3rd period - Kyle Clifford wins face-off versus Matt Stajan in Golden Knights zone.
Goals for this period are 0 for Lightning vs 2 for Golden Knights.
Shots for this period are 7 for Lightning vs 24 for Golden Knights.